 Dungeon Crawl Stone Soup version 0.19.1-1-g22dce08 (webtiles) character file.

109 spooks32 the Insei (level 5, -2/33 HPs)
             Began as a Kobold Monk on Jan 1, 2017.
             Slain by a worker ant (3 damage)
             ... on level 4 of the Dungeon.
             The game lasted 00:07:27 (1752 turns).

spooks32 the Insei (Kobold Monk)                    Turns: 1752, Time: 00:07:28

Health: -2/33      AC:  2    Str:  9    XL:     5   Next: 13%
Magic:  5/5        EV: 17    Int: 11    God:
Gold:   109        SH:  0    Dex: 18    Spells: 0 memorised, 4 levels left

rFire  . . .     SeeInvis .       - Unarmed
rCold  . . .     Gourm    .     a - +0 robe
rNeg   . . .     Faith    .     (shield restricted)
rPois  .         Spirit   .     (no helmet)
rElec  .         Reflect  .     (no cloak)
rCorr  .         Harm     .     (no gloves)
MR     .....                    (no boots)
Stlth  ++........               (no amulet)
                                (no ring)
                                (no ring)

@: lethally poisoned (-2 -> -4)
A: carnivore 3
a: no special abilities


You were on level 4 of the Dungeon.
You were not hungry.

You visited 1 branch of the dungeon, and saw 4 of its levels.

You collected 109 gold pieces.

Inventory:

Hand Weapons
 c - a +0 hunting sling
 l - a +0 flail
Missiles
 j - 4 needles of paralysis
Armour
 a - a +0 robe (worn)
Jewellery
 i - a cursed ring of protection from fire {unknown}
Comestibles
 b - a meat ration


   Skills:
 * Level 3.7 Fighting
 - Level 3.8 Dodging
 - Level 2.8 Stealth
 * Level 5.0 Unarmed Combat


You had 4 spell levels left.
You didn't know any spells.

Dungeon Overview and Level Annotations

Branches:
Dungeon (4/15)
 Temple: D:4-7

Altars:

Annotations:
D:2 Robin
D:3 Grinder


Innate Abilities, Weirdness & Mutations

You are small and have problems with some larger weapons.
You are carnivorous and can eat meat at any time.


Message History

The worker ant bites you.
* * * LOW HITPOINT WARNING * * *
It was a potion of magic.
Magic courses through your body. The worker ant misses you.
The worker ant barely misses you.
You don't know any spells.
Unknown command.
The worker ant closely misses you.
There is an open door here.
The worker ant barely misses you. The worker ant bites you.
* * * LOW HITPOINT WARNING * * *
You are lethally poisoned!
The worker ant poisons you!
* * * LOW HITPOINT WARNING * * *
You feel sick.
* * * LOW HITPOINT WARNING * * *
You feel sick.
* * * LOW HITPOINT WARNING * * *
You feel sick. The worker ant bites you.
You die...

#.....'....##.........#
#.#####..[.##.........#
#.#####....##.........#
####....##....####'#....###
#.....................#>#..
#.<.....<....)...#.##.#.#.#
#........<............#.#.#
#........a..........###.#..
#.......[.@.....#######.#.#
#.........#.....#..........
#...............#.#####.#..
#.....................#.#.#
#.........#......##.. #....
#.........#......# ..#...
###########......# .......
#......# (.....#
...............##.####


You could see a worker ant.

Vanquished Creatures
  A howler monkey (D:4)
  3 adders (D:3)
  An ooze (D:3)
  A worm (D:2)
  A leopard gecko (D:1)
  3 bats
  3 giant cockroaches
  4 goblins
  7 hobgoblins
  3 frilled lizards
  7 kobolds
  A leopard gecko skeleton (D:4)
  5 rats
40 creatures vanquished.

Notes
Turn   | Place    | Note
-------+----------+-------------------------------------------
     0 | D:1      | spooks32 the Kobold Monk began the quest for the Orb.
     0 | D:1      | Reached XP level 1. HP: 14/14 MP: 1/1
   131 | D:1      | Reached XP level 2. HP: 12/19 MP: 2/2
   627 | D:1      | Reached XP level 3. HP: 16/24 MP: 3/3
   997 | D:2      | Noticed Robin
  1288 | D:3      | Noticed Grinder
  1306 | D:3      | Reached skill level 4 in Unarmed Combat
  1369 | D:3      | Reached XP level 4. HP: 18/29 MP: 4/4
  1690 | D:4      | Reached skill level 5 in Unarmed Combat
  1690 | D:4      | Reached XP level 5. HP: 18/33 MP: 5/5
  1752 | D:4      | HP: 1/33 [poisoned by a worker ant]
  1752 | D:4      | Slain by a worker ant

Skill      XL: |  1  2  3  4 |
---------------+-------------+-----
Unarmed Combat | 4 5 |  5.0
Fighting       | |  3.7
Dodging        | |  3.8
Stealth        | |  2.8

Action                   |  1- 3 |  4- 6 || total
-------------------------+-------+-------++-------
Melee: Unarmed           |   135 |    49 ||   184
       Punch             |     2 |       ||     2
  Use: Scroll            |     3 |     1 ||     4
       Potion            |     1 |     4 ||     5
 Stab: Sleeping          |     7 |       ||     7
       Distracted        |       |     1 ||     1
  Eat: Chunk             |     4 |     2 ||     6
Armor: Robe              |     9 |     9 ||    18
Dodge: Dodged            |    98 |    49 ||   147
